 Dungeon Crawl Stone Soup version 0.31-a0-188-g5e087ee2ca (webtiles) character file.

Game seed: 9036727277450439885

620 qw the Skirmisher (level 7, -3/41 HPs)
             Began as a Deep Elf Hunter on June 23, 2023.
             Was a Follower of Okawaru.
             Slain by Duvessa
             ... wielding a +0 short sword
              (8 damage)
             ... on level 5 of the Dungeon.
             The game lasted 00:01:17 (2836 turns).

qw the Skirmisher (Deep Elf Hunter)                 Turns: 2836, Time: 00:01:18

Health: -3/41      AC:  5    Str:  9 (10) XL:     7   Next: 22%
Magic:  8/10       EV: 16    Int: 14      God:    Okawaru [*.....]
Gold:   135        SH:  0    Dex: 18      Spells: 6/6 levels left

rFire   . . .        Y - +1 shortbow
rCold   . . .        (shield currently unavailable)
rNeg    . . .        c - +0 leather armour
rPois   +            i - +2 hat
rElec   .            (no cloak)
rCorr   .            (no gloves)
SInv    .            (no boots)
Will    .....        (no amulet)
Stlth   +++          (no ring)
HPRegen 0.26/turn    (no ring)
MPRegen 0.12/turn

%: no passive effects
@: heroic
A: deterioration 1, poison resistance
a: Renounce Religion, Heroism


You were on level 5 of the Dungeon.
You worshipped Okawaru.
Okawaru was aware of your devotion.
You visited 1 branch of the dungeon, and saw 5 of its levels.
You also visited: Ossuary.

You collected 135 gold pieces.


Innate Abilities, Weirdness & Mutations

Your body sometimes deteriorates upon taking damage.
Your system is resistant to poisons. (rPois)


   Skills:
 - Level 3.0(8.0) Fighting
 + Level 9.9(14.9) Ranged Weapons
 - Level 3.8(8.8) Dodging
 - Level 1.2(6.2) Stealth
 + Level 1.9 Invocations


You had 6 spell levels left.
You didn't know any spells.
Your spell library was empty.

Inventory:

Hand Weapons
 Y - a +1 shortbow (weapon)
Armour
 c - a +0 leather armour (worn)
 e - a +0 ring mail
 i - a +2 hat (worn)
Jewellery
 b - an amulet of faith
 d - a ring of positive energy
Scrolls
 a - 3 scrolls of identify
Potions
 f - a potion of mutation
 g - 2 potions of cancellation {unknown}
 h - 3 potions of curing {unknown}
 j - a potion of heal wounds {unknown}
 k - a potion of brilliance {unknown}
 l - a potion of resistance {unknown}
 n - a potion of attraction {unknown}

Dungeon Overview and Level Annotations

Branches:
Dungeon (6/15)            Ossuary (visited)
 Temple: D:4-7

Altars:
Okawaru
Ru

Annotations:
D:5 Dowan, Duvessa


Message History

Dowan hits you but does no damage. Duvessa misses you.
You shoot an arrow.
The arrow hits Duvessa but does no damage.
Duvessa is severely wounded.
Dowan gestures at you while chanting. The puff of frost hits you.
Duvessa hits you but does no damage.
You shoot an arrow.
The arrow hits Duvessa but does no damage.
Duvessa is severely wounded.
Dowan hits you with a +0 dagger. Duvessa hits you with a +0 short sword.
You shoot an arrow. The arrow hits Duvessa.
Duvessa is severely wounded.
You shoot an arrow.
The arrow hits Duvessa but does no damage.
Duvessa is severely wounded.
Duvessa hits you with a +0 short sword. Dowan barely misses you.
You shoot an arrow.
The arrow hits Duvessa but does no damage.
Duvessa is severely wounded.
Duvessa completely misses you. Dowan casts a spell at you.
The puff of flame misses you.
You shoot an arrow.
The arrow hits Duvessa but does no damage.
Duvessa is severely wounded.
Dowan gestures at you while chanting. The puff of flame misses you.
Duvessa barely misses you.
You shoot an arrow. The arrow hits Duvessa.
Duvessa is almost dead.
You feel like a meek peon again.
2834 ||| INVOKING Heroism.
You gain the combat prowess of a mighty hero.
Dowan hits you with a +0 dagger. Duvessa hits you with a +0 short sword.
You shoot an arrow.
The arrow hits Duvessa but does no damage.
Duvessa is almost dead.
Duvessa hits you with a +0 short sword. Dowan misses you.
You shoot an arrow. The arrow closely misses Duvessa.
Duvessa hits you with a +0 short sword!
You die...

...)......##
..#........#
.####......#
## ###....###
# ###....### #
###....### .#
#
###....###..##
##
###.........
.## ##@..####.
..# #ee## ..#
..#.[ ..##
.......# ...#
........# ...#
#..##....#
...# ..# ...##
.#..# ... #..
.#..#


You could see Duvessa and Dowan.

Vanquished Creatures
  Eustachio (D:5)
  A black bear (D:6)
  2 phantoms
  A sleepcap (D:5)
  2 orc wizards
  3 gnolls (D:3)
  4 adders
  10 orcs
  11 endoplasms
  4 giant cockroaches
  5 goblins
  4 hobgoblins
  4 quokkas
  10 ball pythons
  4 bats
  4 frilled lizards
  11 hobgoblin zombies (Ossuary)
  7 kobolds
  4 kobold zombies (Ossuary)
  5 orc zombies (Ossuary)
  2 rats
99 creatures vanquished.

Notes
Turn   | Place    | Note
-------+----------+-------------------------------------------
     0 | D:1      | qw the Deep Elf Hunter began the quest for the Orb.
     0 | D:1      | Reached XP level 1. HP: 12/12 MP: 3/3
     0 | D:1      | 0 ||| qw: Version: 0.3-a-9-g12657ce
     0 | D:1      | 0 ||| qw: Game counter: 3171
     0 | D:1      | 0 ||| qw: Always use a shield: true
     0 | D:1      | 0 ||| qw: God list: Okawaru
     0 | D:1      | 0 ||| qw: Allow faded altars: false
     0 | D:1      | 0 ||| qw: Do Orc after D:15 true
     0 | D:1      | 0 ||| qw: Do second Lair branch before Depths: true
     0 | D:1      | 0 ||| qw: Lair rune preference: random
     0 | D:1      | 0 ||| qw: Plans: Normal
     0 | D:1      | 0 ||| PLANNING D:1-11
   156 | D:1      | Reached XP level 2. HP: 16/16 MP: 4/4
   170 | D:1      | Reached skill level 6 in Ranged Weapons
   740 | D:1      | Reached XP level 3. HP: 20/20 MP: 5/5
  1067 | D:1      | 1067 ||| UPGRADING to +2 hat.
  1072 | D:1      | 1072 ||| READING 2 scrolls labelled UFENYEM LENUPI.
  1073 | D:1      | 1073 ||| READING scroll labelled NEEBUS HOTOOPI.
  1074 | D:1      | 1074 ||| DRINKING 2 fizzy clear potions.
  1074 | D:1      | Gained mutation: Your body sometimes deteriorates upon
                  | taking damage. [potion of mutation]
  1074 | D:1      | Gained mutation: Your system is resistant to poisons.
                  | (rPois) [potion of mutation]
  1075 | D:1      | 1075 ||| DROPPING scroll of butterflies.
  1134 | D:2      | Reached skill level 7 in Ranged Weapons
  1223 | D:2      | Reached XP level 4. HP: 25/25 MP: 6/6
  1295 | D:2      | Found a sacrificial altar of Ru.
  1642 | D:2      | 1642 ||| READING scroll labelled AMO SOAVUAMEG.
  1743 | D:2      | 1743 ||| READING scroll labelled VUPNIA WULIE.
  1789 | D:2      | 1789 ||| READING scroll labelled REXKUS HANYISIESUDGH.
  1860 | D:3      | Reached skill level 8 in Ranged Weapons
  1906 | D:3      | Found an iron altar of Okawaru.
  1907 | D:3      | 1907 ||| PLANNING OKAWARU WORSHIP
  1907 | D:3      | 1907 ||| READING 2 scrolls of identify.
  1907 | D:3      | 1907 ||| IDENTIFYING sapphire potion
  1908 | D:3      | 1908 ||| DROPPING potion of invisibility.
  1916 | D:3      | Became a worshipper of Warmaster Okawaru
  1917 | D:3      | 1917 ||| PLANNING D:1-11
  2084 | D:3      | Reached XP level 5. HP: 26/29 MP: 7/7
  2084 | D:3      | 2084 ||| FLEEEEING.
  2254 | D:3      | You fall into a shaft and drop 3 floors!
  2254 | D:6      | Found a sand-covered staircase.
  2255 | D:6      | 2255 ||| PLANNING OSSUARY
  2255 | D:6      | 2255 ||| READING scroll labelled CYCVYE ICHAM.
  2257 | D:6      | Noticed a black bear
  2265 | D:6      | Killed a black bear
  2266 | D:6      | Reached skill level 9 in Ranged Weapons
  2266 | D:6      | 2266 ||| READING 2 scrolls of identify.
  2266 | D:6      | 2266 ||| IDENTIFYING puce potion
  2267 | D:6      | 2267 ||| DROPPING potion of degeneration.
  2279 | Ossuary  | Entered an ossuary
  2384 | D:6      | 2384 ||| PLANNING D:1-11
  2395 | D:6      | Noticed a phantom
  2409 | D:6      | Killed a phantom
  2410 | D:6      | Reached skill level 3 in Dodging
  2410 | D:6      | Reached XP level 6. HP: 31/34 MP: 8/8
  2437 | D:6      | 2437 ||| READING scroll labelled BEUSOJE NA OXAH.
  2446 | D:5      | Entered Level 5 of the Dungeon
  2447 | D:5      | 2447 ||| PLANNING SEWER
  2465 | D:5      | Noticed Eustachio
  2499 | D:5      | Killed Eustachio
  2499 | D:5      | Reached * piety under Okawaru
  2500 | D:5      | Reached skill level 3 in Fighting
  2648 | D:5      | Reached skill level 1 in Invocations
  2648 | D:5      | Reached XP level 7. HP: 35/41 MP: 9/9
  2740 | D:5      | 2740 ||| INVOKING Heroism.
  2811 | D:5      | Noticed Duvessa
  2811 | D:5      | Noticed Dowan
  2812 | D:5      | 2812 ||| INVOKING Heroism.
  2834 | D:5      | 2834 ||| INVOKING Heroism.
  2834 | D:5      | HP: 10/41 [Duvessa/+0 short sword (1)]
  2836 | D:5      | Slain by Duvessa

Levels and vault maps discovered:
D:1:      saegor_arrival_fortress, layout_basic, minmay_pentomino_s2
D:2:      layout_loops_ring, basic_altar
D:3:      layout_loops_cross, okawaru_trees_1
D:5:      layout_cave_pods, gup_sewer_entry_spiral, minmay_misc_feat_diagonals,
          uniq_duvessa, uniq_eustachio
D:6:      layout_gridville, minmay_temple_entry_drinking_statues,
          nicolae_ossuary_entry_ruins, minmay_ruffians

Skill      XL: |  1  2  3  4  5  6 |
---------------+-------------------+-----
Ranged Weapons | 6 7 8 9 |  9.9
Dodging        | 3 |  3.8
Fighting       | 3 |  3.0
Invocations    | 1 |  1.9
Stealth        | |  1.2

Action                     |  1- 3 |  4- 6 |  7- 9 || total
---------------------------+-------+-------+-------++-------
   Fire: Shortbow          |   110 |   177 |    48 ||   335
 Invoke: Heroism           |       |       |     3 ||     3
    Use: Scroll            |     2 |     7 |       ||     9
         Potion            |     1 |       |       ||     1
 Armour: Leather armour    |     9 |    37 |     4 ||    50
  Dodge: Dodged            |    18 |    70 |    15 ||   103

Table legend:
 A = Non-vault XP
 B = Vault XP
 C = Vault XP percentage of total XP
 D = Non-vault monster count
 E = Vault monster count
 F = Vault count percentage of total count
                 A         B        C        D         E       F
            +---------+---------+-------+---------+---------+-------
      Total |     663 |     224 |  25.3 |      77 |      22 |  22.2
            +---------+---------+-------+---------+---------+-------
        D:1 |      52 |       2 |   3.7 |      30 |       1 |   3.2
        D:2 |      66 |       0 |   0.0 |      19 |       0 |   0.0
        D:3 |     106 |       0 |   0.0 |      17 |       0 |   0.0
        D:5 |     203 |     202 |  49.9 |       9 |       1 |  10.0
        D:6 |     236 |       0 |   0.0 |       2 |       0 |   0.0
    Ossuary |       0 |      20 | 100.0 |       0 |      20 | 100.0
            +---------+---------+-------+---------+---------+-------
